 Dungeon Crawl Stone Soup version 0.30.1-11-g7821555f0a (webtiles) character file.

Game seed: 3140379674250506341

5633 frde the Basher (level 10, -9/156 HPs)
             Began as an Ogre Gladiator on Nov 9, 2023.
             Was a Believer of Makhleb.
             Mangled by a tyrant leech (14 damage)
             ... on level 2 of the Lair of Beasts.
             The game lasted 01:05:09 (9448 turns).

frde the Basher (Ogre Gladiator)                    Turns: 9448, Time: 01:05:11

Health: -9/156     AC: 32    Str: 35    XL:     10   Next: 74%
Magic:  0/2        EV:  1    Int:  7    God:    Makhleb [**....]
Gold:   2462       SH: 17    Dex: 10    Spells: 10/11 levels left

rFire   x . .        m - +2 mace (protect)
rCold   + + +        A - +0 kite shield "Suengeh" {rC+++ MP-9 Str+5}
rNeg    . . .        j - melded +1 robe of Impatience {Will+}
rPois   +            g - melded +2 hat
rElec   .            k - melded +1 cloak
rCorr   .            (gloves unavailable)
SInv    .            (boots unavailable)
Will    +....        h - brooch of Shielding {Spirit SH+8}
Stlth   ++           q - +4 ring of slaying
HPRegen 0.46/turn    H - ring of ice
MPRegen 0.08/turn

%: guardian spirit
@: tree-form, under a protective aura
A: stationary, stasis, torment immunity, boosted hp, large, unfitting armour,
(tough skin 1), strong 2
a: Renounce Religion, Minor Destruction


You were on level 2 of the Lair of Beasts.
You worshipped Makhleb.
Makhleb was pleased with you.
You were a tree.
You visited 2 branches of the dungeon, and saw 11 of its levels.
You also visited: Ice Cave.

You collected 2462 gold pieces.

Inventory:

Hand Weapons
 e - a +3 trident of venom
 i - a +5 trident
 m - a +2 mace of protection (weapon)
Missiles
 d - 6 throwing nets
Armour
 g - a +2 hat (melded)
 j - the +1 robe of Impatience (melded) {Will+}
   (You found it on level 3 of the Dungeon)

   Will:      It increases your willpower.
 k - a +1 cloak (melded)
 p - a +2 robe of the Archmagi
 A - the +0 kite shield "Suengeh" (worn) {rC+++ MP-9 Str+5}
   (You acquired it on level 7 of the Dungeon)

   Str:       It affects your strength (+5).
   rC:        It renders you almost immune to cold.
   MP:        It affects your magic capacity (-9).
Magical Staves
 D - a staff of death
Jewellery
 a - a ring of flight
 h - the brooch of Shielding (around neck) {Spirit SH+8}
   (You acquired it on level 2 of the Dungeon)

   [amulet of guardian spirit]

   It causes incoming damage to be divided between your reserves of health and
   magic.
   SH:        It affects your SH (+8).
 q - a +4 ring of slaying (left branch)
 v - an amulet of faith
 H - a ring of ice (right branch)
Wands
 c - a wand of paralysis (14)
 t - a wand of mindburst (10) (quivered)
 B - a wand of acid (9)
 E - a wand of iceblast (13)
Scrolls
 n - a scroll of teleportation
 r - a scroll of silence
 u - 3 scrolls of torment
 w - 3 scrolls of amnesia
 y - a scroll of fear
 F - a scroll of poison
 G - a scroll of magic mapping
Potions
 b - a potion of brilliance
 f - 5 potions of curing
 l - 4 potions of flight
 o - a potion of resistance
 s - 2 potions of invisibility
 C - 2 potions of degeneration
 I - a potion of haste


   Skills:
 + Level 7.8 Fighting
 + Level 8.3 Maces & Flails
 + Level 4.3 Polearms
 + Level 2.0 Throwing
 + Level 6.7 Dodging
 + Level 2.4 Stealth
 + Level 7.4 Shields
 + Level 1.1 Spellcasting
 + Level 0.6 Summonings
 * Level 1.7 Invocations
 - Level 1.0 Evocations


You had 10 spell levels left.
You knew the following spells:

 Your Spells              Type           Power      Damage    Failure   Level
a - Summon Small Mammal   Summ           4%         N/A       45%         1

Your spell library contained the following spells:

 Spells                   Type           Power      Damage    Failure   Level
 Static Discharge         Conj/Air       0%         2-2/arc   69%         2
 Call Canine Familiar     Summ           1%         N/A       83%         3
 Summon Guardian Golem    Hex/Summ       0%         N/A       86%         3
 Portal Projectile        Hex/Tloc       0%         N/A       89%         3
 Summon Lightning Spire   Summ/Air       0%         N/A       99%         4
 Airstrike                Air            0%         2d(0-16)  100%        4
 Leda's Liquefaction      Hex/Erth       0%         N/A       100%        4


Dungeon Overview and Level Annotations

Branches:
Dungeon (9/15)             Temple (0/1) D:4            Lair (2/5) D:9
  IceCv (visited)
  Swamp: Lair:2-3    Shoals: Lair:2-3     Snake: Lair:2-3    Spider: Lair:2-3
    Orc: D:9-12

Altars:
Kikubaaqudgha
Makhleb
Nemelex Xobeh
Qazlal
Sif Muna
Trog
Uskayaw
Xom
Jiyva

Annotations:
D:7 2 runed translucent doors, kaesle's ghost, novice HOFi
D:9 1 transporter


Innate Abilities, Weirdness & Mutations

You are a tree.
Your roots penetrate the ground, keeping you stationary.
You cannot be teleported.
You are immune to unholy pain and torment.
Your maximum health is greatly increased.
Your equipment is partially melded.
You are too large for most types of armour.
((You have tough skin. (AC +1)))
Your muscles are very strong. (Str +8, Int/Dex -2)


Message History

You block the tyrant leech's attack. x2
You hit the tyrant leech.
The tyrant leech is lightly wounded.
The tyrant leech bites you!!
* * * LOW HITPOINT WARNING * * *
The tyrant leech draws strength from your injuries!
You block the tyrant leech's attack.
You thump the tyrant leech!
The tyrant leech is moderately wounded.
You block the tyrant leech's attack. The tyrant leech barely misses you.
You barely miss the tyrant leech.
The tyrant leech is moderately wounded.
You block the tyrant leech's attack.
The tyrant leech bites you but does no damage.
You closely miss the tyrant leech.
The tyrant leech is moderately wounded.
The tyrant leech bites you but does no damage.
You barely miss the tyrant leech.
The tyrant leech is moderately wounded.
The tyrant leech bites you!
* * * LOW HITPOINT WARNING * * *
The tyrant leech draws strength from your injuries!
The tyrant leech bites you but does no damage.
You thump the tyrant leech!
The tyrant leech is lightly wounded.
The tyrant leech barely misses you.
You sock the tyrant leech!
The tyrant leech is moderately wounded.
You block the tyrant leech's attack.
The tyrant leech bites you but does no damage.
You sock the tyrant leech!
The tyrant leech is heavily wounded.
The tyrant leech bites you!
* * * LOW HITPOINT WARNING * * *
The tyrant leech draws strength from your injuries!
You block the tyrant leech's attack.
You sock the tyrant leech!
The tyrant leech is heavily wounded.
The tyrant leech bites you!
You die...

.........♣ §~♣
.P.......♣ ~§~♣
.#.......♣♣ ~~♣♣♣#
.........P♣♣.♣♣..#
.P..............#
.P..##..P#......#
................#
..........##w#..#
..........w♣....#
.........P......#
##.P.P#.........#
.........#......#
.......#.....#..P#
.........#......##
.......#.....#..#
.........#...#..#
.......#..#.#...#


You could see 2 tyrant leeches.

Vanquished Creatures
  A rime drake (Lair:1)
  2 slime creatures (IceCv)
  4 yaks (D:9)
  2 basilisks
  3 wyverns (D:9)
  2 steam dragons (D:8)
  5 water moccasins
  An orc warrior (D:9)
  2 ice beasts (D:6)
  A black bear (D:6)
  2 ogres
  A phantom (D:5)
  2 bullfrogs
  A gnoll sergeant (D:8)
  4 scorpions
  2 glowing shapeshifter simulacra (IceCv)
  9 wights (D:8)
  10 killer bees (D:7)
  2 jellies
  3 orc priests
  A gnoll bouda (D:6)
  5 hounds
  An iguana (D:5)
  A sleepcap (D:6)
  6 orc wizards
  6 hell rats (Lair:1)
  8 gnolls
  5 adders
  2 shadow imps
  An ufetubus (D:5)
  A worm (D:3)
  3 dart slugs
  26 orcs
  5 bats
  9 endoplasms
  2 giant cockroaches (D:1)
  6 goblins
  3 hobgoblins
  3 quokkas
  7 ball pythons
  3 frilled lizards
  8 kobolds
  A rat (D:2)
172 creatures vanquished.

Vanquished Creatures (collateral kills)
  A rat (D:3)
1 creature vanquished.

Vanquished Creatures (others)
  An orc wizard (D:6)
  2 gnolls (D:8)
3 creatures vanquished.

Grand Total: 176 creatures vanquished

Notes
Turn   | Place    | Note
-------+----------+-------------------------------------------
     0 | D:1      | frde the Ogre Gladiator began the quest for the Orb.
     0 | D:1      | Reached XP level 1. HP: 22/22 MP: 1/1
   167 | D:1      | Reached XP level 2. HP: 29/29 MP: 2/2
   630 | D:2      | Identified a scroll of acquirement
   630 | D:2      | Acquired the brooch of Shielding {Spirit SH+8}
   630 | D:2      | Found the brooch of Shielding {Spirit SH+8}
   683 | D:2      | Reached XP level 3. HP: 6/37 MP: 3/3
  1368 | D:2      | Reached XP level 4. HP: 40/45 MP: 2/4
  1493 | D:3      | Learned a level 1 spell: Summon Small Mammal
  1607 | D:3      | Found an ancient bone altar of Kikubaaqudgha.
  1739 | D:2      | Reached skill level 1 in Shields
  1761 | D:2      | Reached XP level 5. HP: 12/53 MP: 1/5
  1984 | D:3      | Found a burning altar of Makhleb.
  2009 | D:3      | Became a worshipper of Makhleb the Destroyer
  2021 | D:3      | Identified the +1 robe of Impatience {Will+}
  2189 | D:4      | Reached skill level 1 in Maces & Flails
  2271 | D:4      | Acquired 957 gold pieces
  2326 | D:4      | Found a sparkling altar of Nemelex Xobeh.
  2396 | D:4      | Noticed an ogre
  2409 | D:4      | Killed an ogre
  2410 | D:4      | Reached XP level 6. HP: 17/62 MP: 2/6
  2651 | D:4      | Found a staircase to the Ecumenical Temple.
  2750 | D:4      | Reached skill level 2 in Maces & Flails
  2758 | D:4      | Gained mutation: Your muscles are strong. (Str +4, Int/Dex
                  | -1) [potion of mutation]
  2758 | D:4      | Gained mutation: Your muscles are very strong. (Str +8,
                  | Int/Dex -2) [potion of mutation]
  3422 | D:5      | Entered Level 5 of the Dungeon
  3642 | D:5      | Identified the +3 ring mail of Uklac {Fly Str+2 Slay-2}
  3664 | D:5      | Found a shimmering altar of Xom.
  3666 | D:5      | Found a radiant altar of Vehumet.
  3666 | D:5      | Found a burning altar of Makhleb.
  3668 | D:5      | Found a snail-covered altar of Cheibriados.
  3668 | D:5      | Found a glowing silver altar of Zin.
  3668 | D:5      | Found a shimmering blue altar of Sif Muna.
  3732 | D:5      | Found a hide-covered altar of Uskayaw.
  3826 | D:5      | Reached skill level 3 in Maces & Flails
  3826 | D:5      | Reached XP level 7. HP: 50/70 MP: 7/7
  4051 | D:5      | Found a bloodstained altar of Trog.
  4237 | D:6      | Reached skill level 4 in Maces & Flails
  4295 | D:6      | Reached skill level 5 in Fighting
  4295 | D:6      | Reached skill level 1 in Stealth
  4484 | D:6      | Reached * piety under Makhleb
  4489 | D:6      | Reached XP level 8. HP: 78/80 MP: 6/8
  4746 | D:6      | Reached skill level 5 in Maces & Flails
  4952 | D:6      | Reached skill level 1 in Spellcasting
  5034 | D:7      | Found a stormy altar of Qazlal.
  5142 | D:7      | Reached skill level 5 in Dodging
  5208 | D:7      | Reached skill level 6 in Maces & Flails
  5448 | D:7      | Acquired the +0 kite shield "Suengeh" {rC+++ MP-9 Str+5}
  5483 | D:7      | Reached XP level 9. HP: 76/89 MP: 1/10
  5940 | D:7      | Found a large runed translucent door.
  5940 | D:7      | Found a large runed translucent door.
  5969 | D:7      | Noticed kaesle's ghost (novice HOFi)
  6251 | D:7      | Acquired 1059 gold pieces
  6638 | D:8      | Found a shimmering blue altar of Sif Muna.
  6833 | D:8      | Reached skill level 5 in Shields
  7747 | D:9      | Reached skill level 7 in Maces & Flails
  7790 | D:9      | Reached ** piety under Makhleb
  7794 | D:9      | Reached XP level 10. HP: 102/102 MP: 2/11
  7814 | D:9      | Found a staircase to the Lair.
  7863 | D:9      | Reached skill level 8 in Maces & Flails
  8119 | D:9      | Found a viscous altar of Jiyva.
  8119 | D:9      | Found a transporter.
  8120 | D:9      | Noticed a glowing orange brain
  8145 | Lair:1   | Entered Level 1 of the Lair of Beasts
  8542 | Lair:1   | Reached skill level 1 in Evocations
  8695 | Lair:1   | Found a frozen archway.
  8705 | IceCv    | Entered an ice cave
  8759 | IceCv    | Noticed an ice statue
  8778 | IceCv    | Reached skill level 1 in Invocations
  9447 | Lair:2   | HP: 5/156 [tyrant leech (14)]
  9448 | Lair:2   | Mangled by a tyrant leech

Illustrated notes

Levels and vault maps discovered:
D:1:      psy_arrival_terrarium, layout_rooms
D:2:      layout_basic, chequers_garden
D:3:      layout_rooms, kiku_gazebo_pond_becter, mainiacjoe_overflow_boulevard
D:4:      layout_cave_pods, nemelex_dance_club_becter,
          minmay_temple_entry_statues, minmay_misc_feat_four_crosses,
          minivault_26, nicolae_hexahallways
D:5:      layout_cave_pools, mainiacjoe_overflow_chevrons,
          mainiacjoe_overflow_alcove_4, doesnt_xom_only_xom,
          kennysheep_generic_room_9
D:6:      layout_loops_cross
D:7:      layout_loops_corners, mainiacjoe_overflow_concentric_impassable,
          ebering_ghost_disaster_area, st_stairs_14, eino_jars
D:8:      layout_loops_ring, mainiacjoe_overflow_24_doors,
          mainiacjoe_overflow_brackets
D:9:      gammafunk_jiyva_shrine, layout_loops_ring, minmay_lair_entry_grove
Lair:1:   layout_long_grid, portal_ice_cave_entry_pillars_1, fungi_pond_lemuel
Lair:2:   beargit_carnivore_pack, layout_chaotic_city, minmay_swamp_entry_worms,
          infiniplex_staircase_pool_2, uniq_urug

Skill      XL: |  1  2  3  4  5  6  7  8  9 10 |
---------------+-------------------------------+-----
Fighting       | 3 4 5 7 |  7.8
Dodging        | 3 4 5 6 |  6.7
Polearms       | 4 |  4.3
Shields        | 1 2 3 6 7 |  7.4
Maces & Flails | 1 3 4 6 7 8 |  8.3
Stealth        | 1 2 |  2.4
Spellcasting   | 1 |  1.1
Evocations     | 1 |  1.0
Invocations    | 1 |  1.7
Throwing       | |  2.0
Summonings     | |  0.6

Action                     |  1- 3 |  4- 6 |  7- 9 | 10-12 || total
---------------------------+-------+-------+-------+-------++-------
  Melee: Trident           |   110 |    19 |       |       ||   129
         Mace              |       |   157 |   279 |   179 ||   615
  Throw: Throwing net      |       |     1 |       |       ||     1
   Cast: Summon Small Mamm |       |     2 |     2 |       ||     4
  Evoke: Wand              |       |       |     7 |    14 ||    21
    Use: Potion            |     6 |     4 |     2 |     4 ||    16
         Scroll            |     2 |     6 |    10 |     5 ||    23
   Stab: Sleeping          |       |     1 |     2 |       ||     3
 Armour: Robe              |    42 |   100 |   153 |    28 ||   323
         Skin              |       |       |       |     8 ||     8
  Dodge: Dodged            |    58 |    80 |   120 |    40 ||   298
  Block: Other             |    40 |    78 |    74 |       ||   192
         Kite shield       |       |       |   120 |   143 ||   263
